 Dungeon Crawl Stone Soup version 0.22-a0-253-gf9d0ce5 (webtiles) character file.

2119 Calypsia the Carver (level 9, -9/69 HPs)
             Began as a Barachi Skald on Mar 4, 2018.
             Was a Follower of Sif Muna.
             Mangled by Joseph
             ... wielding a +0 quarterstaff
              (16 damage)
             ... on level 7 of the Dungeon.
             The game lasted 00:16:09 (10425 turns).

Calypsia the Carver (Barachi Skald)                Turns: 10425, Time: 00:16:10

Health: -9/69      AC:  7    Str: 18    XL:     9   Next: 29%
Magic:  2/18       EV: 11    Int: 17    God:    Sif Muna [*.....]
Gold:   357        SH:  0    Dex: 11    Spells: 12/20 levels left

rFire    . . .     SeeInvis .   a - +0 falchion
rCold    . . .     Gourm    .   (no shield)
rNeg     . . .     Faith    .   h - +0 ring mail
rPois    .         Spirit   .   (no helmet)
rElec    .         Reflect  .   u - scarf {repulsion}
rCorr    .         Harm     .   t - +0 pair of gloves
MR       .....                  v - +0 pair of boots
Stlth    +.........             (no amulet)
HPRegen  0.21/turn              j - ring of flight
MPRegen  0.16/turn              (no ring)

@: mighty, infused, very slightly contaminated, repel missiles, slow
A: +LOS, swims, slowness 1, strong legs 1
a: Hop, Divine Energy, Renounce Religion, Evoke Flight


You were on level 7 of the Dungeon.
You worshipped Sif Muna.
Sif Muna was aware of your devotion.
You were very hungry.

You visited 2 branches of the dungeon, and saw 8 of its levels.

You collected 357 gold pieces.

Inventory:

Hand Weapons
 a - a +0 falchion (weapon)
Armour
 b - a +0 leather armour
 h - a +0 ring mail (worn)
 t - a +0 pair of gloves (worn)
 u - a scarf of repulsion (worn)
 v - a +0 pair of boots (worn)
Jewellery
 j - a ring of flight (left hand)
Wands
 y - a wand of random effects (39)
Scrolls
 c - a scroll of magic mapping {unknown}
 k - 2 scrolls of fog {unknown}
 l - 2 scrolls of random uselessness {unknown}
 m - a scroll of amnesia {unknown}
 n - a scroll of enchant armour {unknown}
 q - 3 scrolls of noise {unknown}
 r - a scroll of enchant weapon {unknown}
 s - 2 scrolls of remove curse
 w - a scroll of teleportation {unknown}
Potions
 e - a potion of cancellation
 g - 2 potions of degeneration
 i - 2 potions of berserk rage {unknown}
 p - a potion of magic {unknown}
 A - a potion of brilliance {unknown}
Comestibles
 d - 10 rations


   Skills:
 + Level 6.1 Fighting
 + Level 8.7 Long Blades
 - Level 1.2 Armour
 - Level 2.1 Dodging
 + Level 6.3 Spellcasting
 + Level 7.3 Charms


You had 12 spell levels left.
You knew the following spells:

 Your Spells              Type           Power        Failure   Level  Hunger
a - Infusion              Chrm           ####         1%          1    None
b - Shroud of Golubria    Chrm/Tloc      ###.......   8%          2    None
c - Song of Slaying       Chrm           ####....     1%          2    None
d - Spectral Weapon       Hex/Chrm       ###.....     14%         3    ##.....


Dungeon Overview and Level Annotations

Branches:
Dungeon (7/15)             Temple (1/1) D:5

Altars:
Ashenzari
Cheibriados
Gozag
Kikubaaqudgha
Makhleb
Nemelex Xobeh
Qazlal
Ru
Sif Muna
Vehumet
Yredelemnul
Zin
The Shining One

Annotations:
D:7 Joseph


Innate Abilities, Weirdness & Mutations

Shadows flee at your approach. (+LOS)
You can swim through water.
You cover ground slowly.
You can hop short distances.


Message History

You hit Joseph.
Joseph is severely wounded.
Joseph closely misses you.
You riposte.
You slash Joseph!
Joseph is almost dead.
You hit Joseph.
Joseph is almost dead.
Joseph barely misses you.
You riposte.
You closely miss Joseph.
Joseph is almost dead.
You closely miss Joseph.
Joseph is almost dead.
Joseph hits you but does no damage.
You closely miss Joseph.
Joseph is almost dead.
Joseph hits you with an uncursed quarterstaff!
* * * LOW HITPOINT WARNING * * *
You feel better.
You barely miss Joseph.
Joseph is almost dead.
Joseph hits you with an uncursed quarterstaff!
You die...

#......... ##...........
######..####.# ##...........
#..........#..####>.@.........
#..........##.................
#..(.<.....####.......).......
#..........####.#####)........
#......<...#.[..# #.##.###.#
#?......((..@########.# .#
#.....(....)(@........# .#
########..##.........##.#
#....###.......##..#
#(#.####..........#
#..#............#### ...
#............# ....
.............# .##
#...........<########
..................


You could see Joseph.

Vanquished Creatures
  Prince Ribbit (D:5)
  The ghost of Alphaeus the Ducker, an amateur SpBe of Trog (D:3)
  2 sky beasts (D:6)
  A black bear (D:6)
  An ice beast (D:5)
  4 ogres
  2 phantoms
  2 centaurs
  2 bullfrogs (D:6)
  5 howler monkeys
  A bullfrog zombie (D:5)
  A hound (D:7)
  A bullfrog skeleton (D:7)
  An orc priest (D:5)
  2 centaur skeletons (D:6)
  An iguana (D:5)
  2 orc wizards
  A hound skeleton (D:4)
  A worker ant zombie (D:5)
  8 adders
  3 oozes
  A worm (D:2)
  3 dart slugs
  7 leopard geckos
  20 orcs
  5 goblins
  9 hobgoblins
  8 jackals
  4 quokkas
  3 ball pythons
  A ball python skeleton (D:4)
  11 bats
  3 frilled lizards
  4 kobolds
  A quokka skeleton (D:4)
  7 rats
130 creatures vanquished.

Notes
Turn   | Place    | Note
-------+----------+-------------------------------------------
     0 | D:1      | Calypsia the Barachi Skald began the quest for the Orb.
     0 | D:1      | Reached XP level 1. HP: 17/17 MP: 3/3
   180 | D:1      | Reached XP level 2. HP: 8/23 MP: 1/5
   543 | D:1      | Reached skill level 3 in Long Blades
   815 | D:1      | Reached XP level 3. HP: 24/28 MP: 3/6
  1700 | D:2      | Reached skill level 4 in Long Blades
  1711 | D:2      | Reached XP level 4. HP: 30/34 MP: 4/8
  2033 | D:1      | Learned a level 2 spell: Shroud of Golubria
  2553 | D:3      | Noticed Alphaeus's ghost (amateur SpBe)
  3375 | D:2      | Reached XP level 5. HP: 38/39 MP: 5/9
  4090 | D:3      | Killed Alphaeus's ghost
  4090 | D:3      | Reached skill level 5 in Long Blades
  4090 | D:3      | Reached XP level 6. HP: 20/46 MP: 2/11
  4396 | D:3      | Found an ancient bone altar of Kikubaaqudgha.
  4449 | D:3      | Learned a level 2 spell: Song of Slaying
  4891 | D:4      | Reached skill level 6 in Long Blades
  5338 | D:4      | Found a sacrificial altar of Ru.
  5742 | D:5      | Entered Level 5 of the Dungeon
  6146 | D:5      | Reached skill level 5 in Charms
  6153 | D:5      | Reached XP level 7. HP: 51/51 MP: 6/13
  6263 | D:5      | Found a staircase to the Ecumenical Temple.
  6278 | Temple   | Entered the Ecumenical Temple
  6353 | Temple   | Became a worshipper of Sif Muna the Loreminder
  6358 | Temple   | Learned a level 3 spell: Spectral Weapon
  7102 | D:5      | Noticed Prince Ribbit
  7935 | D:5      | Reached skill level 7 in Long Blades
  8389 | D:6      | Reached XP level 8. HP: 54/60 MP: 2/15
  8551 | D:6      | Reached skill level 5 in Spellcasting
  8672 | D:6      | Found a snail-covered altar of Cheibriados.
  9471 | D:5      | Killed Prince Ribbit
  9471 | D:5      | Reached * piety under Sif Muna
  9471 | D:5      | Reached skill level 5 in Fighting
  9471 | D:5      | Reached skill level 8 in Long Blades
  9762 | D:7      | Reached XP level 9. HP: 68/68 MP: 6/17
 10016 | D:7      | Noticed Joseph
 10418 | D:7      | HP: 1/69 [Joseph/uncursed quarterstaff (5)]
 10423 | D:7      | HP: 1/69 [Joseph/uncursed quarterstaff (8)]
 10425 | D:7      | Mangled by Joseph

Vault maps used:
D:1:      dpeg_arrival_radiant
D:3:      kiku_gazebo_garden_becter, first_ration, glass_columns_b
D:4:      overflow_temple_1_default
D:5:      minmay_temple_entry_junction_2, uniq_prince_ribbit1
D:6:      lemuel_doored_altar
D:7:      kennysheep_mini_moat, uniq_joseph
Temple:   nicolae_temple_figure_eight

Skill      XL: |  1  2  3  4  5  6  7  8  9 |
---------------+----------------------------+-----
Long Blades    | 3 4 5 6 7 8 |  8.7
Spellcasting   | 3 4 5 6 |  6.3
Charms         | 4 5 6 7 |  7.3
Fighting       | 3 5 6 |  6.1
Armour         | |  1.2
Dodging        | |  2.1

Action                   |  1- 3 |  4- 6 |  7- 9 || total
-------------------------+-------+-------+-------++-------
Melee: Falchion          |    83 |   240 |   243 ||   566
 Cast: Infusion          |    18 |    32 |    28 ||    78
       Shroud of Golubri |       |    14 |    32 ||    46
       Song of Slaying   |       |     1 |       ||     1
       Spectral Weapon   |       |       |     1 ||     1
 Abil: Hop               |       |       |     3 ||     3
  Use: Scroll            |       |     4 |     4 ||     8
       Potion            |       |       |     6 ||     6
  Eat: Chunk             |     1 |     5 |     4 ||    10
       Ration            |     1 |     3 |     3 ||     7
Armor: Leather armour    |    21 |    61 |    48 ||   130
       Ring mail         |       |       |    22 ||    22
Dodge: Dodged            |    58 |   177 |   139 ||   374
       Deflected         |       |     2 |     8 ||    10
       Rpst.: Falchion   |    15 |    46 |    54 ||   115

Table legend:
 A = Spawn XP
 B = Non-spawn XP
 C = Spawn XP percentage of total XP
 D = Spawn monster count
 E = Non-spawn monster count
 F = Spawn count percentage of total count
 G = Total turns spent on level
                    A         B        C        D         E        F      G
               +---------+---------+-------+---------+---------+-------+---------
         Total |       0 |    3028 |   0.0 |       0 |     130 |   0.0 | 10425
               +---------+---------+-------+---------+---------+-------+---------
           D:1 |       0 |      41 |   0.0 |       0 |      17 |   0.0 |  1139
           D:2 |       0 |     130 |   0.0 |       0 |      35 |   0.0 |  2778
           D:3 |       0 |     189 |   0.0 |       0 |      17 |   0.0 |   696
           D:4 |       0 |     129 |   0.0 |       0 |      18 |   0.0 |  2217
           D:5 |       0 |     868 |   0.0 |       0 |      17 |   0.0 |  1348
           D:6 |       0 |    1053 |   0.0 |       0 |      17 |   0.0 |  1513
           D:7 |       0 |     618 |   0.0 |       0 |       9 |   0.0 |   340
               +---------+---------+-------+---------+---------+-------+---------
